AoeStats
← Koti

Arena

510623453Analyzed
4v4 RM · 15h ago on Oct 1, 2026· 67m 21s· 8 players
Game mode
Random Map
Map size
Large (8 player)
Population
200
Speed
Normal
Resources
Standard
Victory
Conquest
Starting age
Dark Age
Ending age
Imperial Age
RankedLock teamsTeams togetherTeam positionsShared explorationLock speedFull tech treeHidden civsTurbo modeCheats
Victory
Defeat
🇫🇷 Khmer · France
1555
+11
🇹🇷 Saracens · Türkiye
1544
+12
🇮🇪 Vietnamese · Ireland
1434
+16
🇮🇳 Japanese · India
1389
+18
🇨🇴 Burmese · Colombia
1470
-15
🇲🇽 Mongols · Mexico
1467
-15
🇬🇧 Lithuanians · United Kingdom
1426
-14
🇩🇪 Magyars · Germany
1421
-13
CAXCAN
11:35 Feudal Age
12:58 Double-Bit Axe
12:56 Horse Collar
16:00 Castle Age
17:31 Heavy Plow
18:02 Loom
25:25 Wheelbarrow
26:49 Fortified Wall
27:26 Hand Cart
27:47 Bow Saw
30:43 Imperial Age
29:06 Ballistics
30:06 Scale Barding Armor
30:12 Forging
30:46 Onager
30:49 Capped Ram
31:58 Drill
32:09 Town Watch
31:59 Heavy Scorpion
33:21 Conscription
32:25 Light Cavalry
33:15 Bloodlines
33:05 Husbandry
33:25 Siege Ram
34:36 Siege Engineers
36:48 Chemistry
37:50 Chain Barding Armor
38:05 Iron Casting
40:23 Siege Onager
44:05 Blast Furnace
54:22 Masonry
ryocallan
9:51 Feudal Age
13:24 Castle Age
11:47 Double-Bit Axe
18:09 Bow Saw
20:09 Loom
21:00 Wheelbarrow
22:41 Hand Cart
22:12 Town Watch
26:13 Stone Mining
29:16 Imperial Age
27:41 Stone Shaft Mining
26:59 Gold Mining
27:40 Scale Barding Armor
29:00 Chain Barding Armor
28:57 Treadmill Crane
29:37 Forging
30:33 Plate Barding Armor
30:26 Bloodlines
30:17 Husbandry
30:28 Cavalier
31:45 Iron Casting
31:52 Paladin
32:28 Horse Collar
33:10 Heavy Plow
41:15 Light Cavalry
43:02 Winged Hussar
Cronik
10:48 Feudal Age
14:30 Castle Age
12:25 Double-Bit Axe
15:27 Horse Collar
21:26 Wheelbarrow
21:57 Bow Saw
23:11 Heavy Plow
23:39 Gold Mining
24:32 Hand Cart
29:05 Imperial Age
26:21 Loom
27:06 Scale Barding Armor
27:58 Gold Shaft Mining
27:13 Stone Mining
27:50 Stone Mining
28:32 Chain Barding Armor
28:59 Fletching
29:48 Ballistics
29:54 Bodkin Arrow
30:13 Padded Archer Armor
31:16 Chemistry
30:50 Parthian Tactics
29:46 Heavy Cavalry Archer
31:36 Two-Man Saw
30:41 Bracer
31:25 Leather Archer Armor
31:47 Plate Barding Armor
31:45 Thumb Ring
32:14 Bloodlines
32:05 Husbandry
31:26 Light Cavalry
32:47 Conscription
32:39 Recurve Bow
33:29 Crop Rotation
33:31 Ring Archer Armor
35:23 Town Watch
35:35 Hussar
55:47 Masonry
[IMGG] JuanCa
8:46 Feudal Age
13:37 Castle Age
11:34 Horse Collar
17:04 Fervor
17:15 Sanctity
18:52 Town Watch
18:53 Loom
23:31 Sanctity
23:51 Wheelbarrow
27:38 Imperial Age
25:25 Heavy Plow
26:00 Fletching
26:11 Padded Archer Armor
26:51 Bodkin Arrow
27:26 Forging
29:03 Bodkin Arrow
29:40 Redemption
29:55 Block Printing
32:16 Onager
39:27 Hand Cart
40:07 Capped Ram
41:17 Elite Skirmisher
43:22 Padded Archer Armor
45:21 Bracer
61:07 Heavy Scorpion
64:20 Ballistics
Koti
9:59 Feudal Age
12:51 Castle Age
11:49 Double-Bit Axe
11:46 Horse Collar
20:28 Wheelbarrow
21:27 Gold Mining
22:16 Hand Cart
23:30 Gold Shaft Mining
26:49 Imperial Age
24:31 Loom
24:41 Stone Mining
26:02 Stone Shaft Mining
26:25 Ballistics
27:50 Double Crossbow
28:04 Bow Saw
27:55 Heavy Plow
27:22 Capped Ram
28:59 Conscription
28:31 Siege Ram
30:35 Siege Engineers
30:52 Heavy Scorpion
32:54 Devotion
33:45 Hoardings
35:29 Chemistry
37:55 Fletching
39:13 Scale Mail Armor
39:23 Forging
39:34 Bodkin Arrow
40:08 Pikeman
41:05 Chain Mail Armor
41:25 Iron Casting
41:18 Masonry
48:52 Architecture
58:16 Scale Barding Armor
59:18 Bloodlines
59:08 Husbandry
58:28 Light Cavalry
59:30 Chain Barding Armor
59:46 Iron Casting
61:10 Plate Barding Armor
Madbun
5:27 Loom
11:08 Feudal Age
12:00 Double-Bit Axe
15:00 Wheelbarrow
18:14 Castle Age
18:13 Horse Collar
23:39 Husbandry
23:57 Bow Saw
24:36 Light Cavalry
25:29 Scale Barding Armor
26:15 Atonement
26:35 Devotion
27:55 Forging
31:25 Town Watch
33:15 Gold Mining
36:44 Imperial Age
34:39 Fletching
34:49 Padded Archer Armor
35:11 Chain Barding Armor
35:19 Stone Mining
36:15 Hand Cart
36:46 Squires
36:44 Pikeman
37:18 Halberdier
40:01 Block Printing
40:21 Scale Mail Armor
40:57 Iron Casting
40:43 Elite Fire Lancer
41:54 Chain Mail Armor
41:30 Arson
42:01 Elite Fire Lancer
42:41 Capped Ram
47:01 Plate Mail Armor
54:12 Town Patrol
55:17 Two-Man Saw
54:19 Heavy Plow
57:12 Bodkin Arrow
58:57 Bracer
Mystogan
11:37 Feudal Age
9:52 Loom
15:43 Castle Age
13:50 Double-Bit Axe
13:47 Horse Collar
16:45 Bow Saw
16:39 Heavy Plow
21:54 Wheelbarrow
23:55 Gold Mining
25:57 Hand Cart
25:29 Town Watch
29:17 Imperial Age
27:31 Scale Mail Armor
27:51 Stone Mining
28:39 Gold Shaft Mining
28:31 Chain Mail Armor
28:27 Forging
27:39 Pikeman
28:20 Squires
28:23 Arson
29:18 Halberdier
30:18 Heavy Scorpion
31:47 Siege Engineers
32:15 Plate Mail Armor
32:55 Conscription
35:57 Kataparuto
37:15 Two-Man Saw
36:55 Iron Casting
36:47 Ballistics
39:34 Chemistry
40:35 Blast Furnace
39:14 Onager
40:23 Murder Holes
40:20 Guard Tower
40:19 Arrowslits
40:37 Yasama
42:27 Fletching
43:11 Coinage
42:55 Fortified Wall
43:21 Keep
44:46 Town Patrol
45:00 Bodkin Arrow
45:20 Masonry
44:50 Treadmill Crane
46:34 Bracer
LonzoWall
9:24 Feudal Age
9:53 Double-Bit Axe
9:49 Horse Collar
17:18 Castle Age
16:41 Fletching
16:48 Gold Mining
17:27 Crossbowman
20:38 Wheelbarrow
20:11 Loom
20:43 Bodkin Arrow
21:33 Town Watch
28:31 Imperial Age
26:42 Bow Saw
28:34 Arbalester
30:27 Chemistry
30:19 Bracer
31:19 Thumb Ring
31:57 Padded Archer Armor
33:49 Leather Archer Armor
37:34 Ballistics
41:10 Siege Engineers
53:21 Onager
54:44 Caravan
Connection lost

Rejoining the realm…

Still unreachable

The connection could not be restored.

Session expired

The server has moved on; the page needs a fresh start.